 Dungeon Crawl Stone Soup version 0.28.0-49-g6dfe1f597d (webtiles) character file.

Game seed: 2100665114180258612

9 Zeld the Caller (level 2, 0/13 HPs)
             Began as a Vine Stalker Summoner on May 15, 2022.
             Slain by a scorpion (7 damage)
             ... on level 2 of the Dungeon.
             The game lasted 00:01:18 (1142 turns).

Zeld the Caller (Vine Stalker Summoner)             Turns: 1142, Time: 00:01:18

Health: 0/13       AC:  3    Str: 10    XL:     2   Next: 12%
Magic:  0/6        EV: 12    Int: 15    God:
Gold:   38         SH:  0    Dex: 14    Spells: 2/5 levels left

rFire   . . .      SeeInvis .   (no weapon)
rCold   . . .      Faith    .   (no shield)
rNeg    . . .      Spirit   +   a - +0 robe
rPois   .          Reflect  .   (no helmet)
rElec   .          Harm     .   (no cloak)
rCorr   .          Rampage  .   i - +0 pair of gloves
Will    .....                   (no boots)
Stlth   ++........              (no amulet)
HPRegen 0.04/turn               (no ring)
MPRegen 0.10/turn               (no ring)

@: no status effects
A: fangs 2, magic shield, antimagic bite, no potion heal 2
a: no special abilities


You were on level 2 of the Dungeon.
You visited 1 branch of the dungeon, and saw 2 of its levels.

You collected 38 gold pieces.

Inventory:

Armour
 a - a +0 robe (worn)
 i - a +0 pair of gloves (worn)
Jewellery
 e - a ring of magical power
Scrolls
 b - 2 scrolls of enchant armour {unknown}
 c - a scroll of teleportation {unknown}
 f - a scroll of silence {unknown}
 g - a scroll of immolation {unknown}
Potions
 d - a potion of degeneration {unknown}
 h - a potion of heal wounds {unknown}


   Skills:
 + Level 1.6 Dodging
 + Level 2.5 Stealth
 * Level 2.4 Spellcasting
 * Level 4.1 Summonings
 + Level 0.2 Air Magic


You had 2 spell levels left.
You knew the following spells:

 Your Spells              Type           Power      Damage    Failure   Level
a - Summon Small Mammal   Summ           56%        N/A       3%          1
b - Call Imp              Summ           14%        N/A       6%          2

Your spell library contained the following spells:

 Spells                   Type           Power      Damage    Failure   Level
 Call Canine Familiar     Summ           14%        N/A       12%         3
 Summon Guardian Golem    Hex/Summ       8%         N/A       26%         3
 Summon Lightning Spire   Summ/Air       8%         N/A       65%         4


Dungeon Overview and Level Annotations

Branches:
Dungeon (2/15)

Altars:


Innate Abilities, Weirdness & Mutations

You have extremely sharp teeth.
When hurt, damage is shared between your health and your magic reserves.
Your bite disrupts and absorbs the magic of your enemies.
Potions cannot restore your health.


Message History

Your crimson imp barely misses the scorpion.
You hit the scorpion but do no damage.
The scorpion is lightly wounded.
Your bat barely misses the scorpion.
Your bat closely misses the scorpion.
The scorpion closely misses you.
Your rat bites the scorpion but does no damage.
Your crimson imp hits the scorpion but does no damage.
You closely miss the scorpion.
You bite the scorpion, but do no damage.
The scorpion is lightly wounded.
Your bat closely misses the scorpion.
The scorpion completely misses you.
Your rat bites the scorpion.
Your crimson imp closely misses the scorpion.
You hit the scorpion. You bite the scorpion. You drain its power.
You feel invigorated.
The scorpion is moderately wounded.
Your bat closely misses the scorpion.
The scorpion misses you.
Your bat closely misses the scorpion.
The scorpion barely misses you.
Your crimson imp closely misses the scorpion.
Your rat bites the scorpion but does no damage.
You closely miss the scorpion.
The scorpion is moderately wounded.
Your bat misses the scorpion. The scorpion stings you!
Ouch! That really hurt!
Your rat barely misses the scorpion.
Your crimson imp hits the scorpion but does no damage.
Your bat closely misses the scorpion.
Your crimson imp disappears in a puff of smoke!
Your bat closely misses the scorpion.
Casting: Summon Small Mammal (safe; 3% risk of failure)
Confirm with . or Enter, or press ? or * to list all spells.
Your rat disappears in a puff of smoke!
The scorpion stings you but does no damage.
Your bat closely misses the scorpion.
Unknown command.
Your bat closely misses the scorpion.
Your bat barely misses the scorpion.
Your bat hits the scorpion but does no damage.
The scorpion stings you!
Ouch! That really hurt!
You die...

## .. ... #.# ###...
.... #.# .#... #...
#.# #...# #...#######
#.##... #.........#
#.#..# #.........#
#.#@# .#.........#
#.s.# ...........#
#b### #.....<...###b#
...........##.ยง#####
##.................#
###########.........
....###### #....#


You could see a scorpion (ally target) and 2 friendly bats.

Vanquished Creatures
  A goblin (D:1)
  A kobold (D:1)
  A bat (D:1)
  A frilled lizard (D:1)
  3 rats (D:1)
7 creatures vanquished.

Vanquished Creatures (collateral kills)
  A hobgoblin (D:1)
  A frilled lizard (D:1)
  A kobold (D:1)
3 creatures vanquished.

Grand Total: 10 creatures vanquished

Notes
Turn   | Place    | Note
-------+----------+-------------------------------------------
     0 | D:1      | Zeld the Vine Stalker Summoner began the quest for the Orb.
     0 | D:1      | Reached XP level 1. HP: 9/9 MP: 4/4
   640 | D:1      | Reached XP level 2. HP: 8/13 MP: 3/6
   643 | D:1      | Learned a level 2 spell: Call Imp
  1008 | D:1      | Found a faded altar of an unknown god.
  1121 | D:2      | Noticed a scorpion
  1142 | D:2      | Slain by a scorpion

Illustrated notes

Levels and vault maps discovered:
D:1:      dpeg_arrival_round_a, layout_loops_cross,
          hellmonk_ecumenical_altar_inner_sanctum, grunt_decor_arrowhead
D:2:      cheibrodos_old_hovel, layout_rooms, uniq_sigmund, uniq_terence

Action                   || total
-------------------------++-------
Melee: Unarmed           ||    30
       Bite              ||     4
 Cast: Summon Small Mamm ||    13
       Call Imp          ||     3
 Stab: Sleeping          ||     3
Armor: Robe              ||     7
Dodge: Dodged            ||    27
